 Dungeon Crawl Stone Soup version 0.19.0 (webtiles) character file.

77 Ultraviolent4 the Chopper (level 4, -1/39 HPs)
             Began as a Deep Dwarf Gladiator on Nov 20, 2016.
             Killed by divine providence
             ... invoked by an orc priest
              (14 damage)
             ... on level 4 of the Dungeon.
             The game lasted 00:00:31 (344 turns).

Ultraviolent4 the Chopper (Deep Dwarf Gladiator)     Turns: 344, Time: 00:00:31

Health: -1/39      AC:  4    Str: 20    XL:     4   Next: 13%
Magic:  4/4        EV: 13    Int:  8    God:
Gold:   13         SH:  0    Dex: 13    Spells: 0 memorised, 3 levels left

rFire  . . .     SeeInvis .     a - +0 war axe
rCold  . . .     Gourm    .     b - +0 leather armour
rNeg   . . .     Faith    .     (no shield)
rPois  .         Spirit   .     c - +0 helmet
rElec  .         Reflect  .     (no cloak)
rCorr  .         Harm     .     (no gloves)
MR     .....                    (no boots)
Stlth  +.........               (no amulet)
                                (no ring)
                                (no ring)

@: non-regenerating
A: damage resistance, recharge devices, sense surroundings 1, slow regeneration
3
a: Device Recharging


You were on level 4 of the Dungeon.
You were not hungry.

You visited 1 branch of the dungeon, and saw 4 of its levels.

You collected 13 gold pieces.

Inventory:

Hand Weapons
 a - a +0 war axe (weapon)
Missiles
 d - 3 throwing nets (quivered)
Armour
 b - a +0 leather armour (worn)
 c - a +0 helmet (worn)
Jewellery
 k - an uncursed ring of ice
   (You found it on level 4 of the Dungeon)
Wands
 e - a wand of heal wounds (4/9) {@v2}
Scrolls
 h - a scroll of identify {unknown}
Potions
 f - a potion of agility {unknown}
 i - a potion of magic {unknown}
Comestibles
 g - 4 chunks of flesh
 j - a meat ration
 q - a bread ration


   Skills:
 + Level 2.2 Fighting
 * Level 4.3 Axes
 - Level 1.7 Throwing
 + Level 1.9 Armour
 + Level 3.7 Dodging


You had 3 spell levels left.
You didn't know any spells.

Dungeon Overview and Level Annotations

Branches:
Dungeon (4/15)
 Temple: D:4-7

Altars:
Kikubaaqudgha
Ru


Innate Abilities, Weirdness & Mutations

You are resistant to damage.
You can recharge devices by infusing magical energy.
You passively map a small area around you.
You do not regenerate.


Message History

The orc wizard flickers and vanishes!
Deactivating autopickup; reactivate with Ctrl-A.
An orc comes into view. It is wielding a short sword.
You see here a tomahawk.
An orc priest comes into view. It is wielding a flail.
There are monsters nearby!
There are monsters nearby!
A frilled lizard comes into view.
The frilled lizard hisses angrily.
The orc shouts!
You hit the worm.
The orc throws a tomahawk.
The tomahawk hits you but does no damage.
A puff of flame appears from out of thin air!
The puff of flame misses you. The worm bites you!
There are monsters nearby!
You barely miss the worm. The orc closely misses you.
The worm completely misses you.
You hit the worm. You slash something!
The orc priest looks satisfied for a moment.
The orc barely misses you.
You feel much better.
This wand has 4 charges left.
The worm bites you.
You hear some strange, mumbled words.
Something tries to affect you, but you resist.
The orc closely misses you.
You slash the worm! You hit something.
Reactivating autopickup.
You have reached level 4!
You feel stronger.
You feel a bit more experienced.
You closely miss the orc.
The orc priest calls down the wrath of Beogh upon you.
Beogh smites you! The orc hits you but does no damage.
The worm barely misses you.
The orc priest invokes the aid of Beogh against you.
Beogh smites you!
You hit the worm.
You kill the worm!
You slash the orc!
You kill the orc!
You closely miss the frilled lizard. The frilled lizard misses you.
The orc closely misses you.
The frilled lizard bites you but does no damage.
Unknown command.
You closely miss the orc priest. You miss the frilled lizard.
The orc barely misses you. The orc priest hits you with a flail.
The frilled lizard misses you.
You hit the orc priest but do no damage.
You miss the frilled lizard.
The orc hits you from afar with a trident.
The orc priest mumbles some strange prayers to Beogh against you.
Beogh smites you!
You die...

.# #.# .###.# #......#
..##.# #......#
#.##.#### #......#
#.......# #......#
#..#<##.# #......#
#..#.##.# #..o...#
#..#.##.# #lo....#
#....##.# #.@)...##
#.#..##.#######.....(.#
#.#...#....)...(.P....#
#.#...######......###.#
* #......#, ,#
*#.P......# *
#....#....# *
#.P.##.._.# #P..P#....#
*


You could see an orc priest, an orc and a frilled lizard.

Vanquished Creatures
  A centaur skeleton (D:4)
  An orc wizard (D:4)
  2 worms
  3 orcs
  A bat (D:3)
  2 giant cockroaches
  A goblin (D:3)
  2 hobgoblins
  2 frilled lizards
  A kobold (D:3)
16 creatures vanquished.

Notes
Turn   | Place    | Note
-------+----------+-------------------------------------------
     0 | D:1      | Ultraviolent4 the Deep Dwarf Gladiator began the quest for the Orb.
     0 | D:1      | Reached XP level 1. HP: 19/19 MP: 1/1
   160 | D:3      | Reached skill level 1 in Armour
   160 | D:3      | Reached XP level 2. HP: 26/26 MP: 2/2
   264 | D:4      | Found a sacrificial altar of Ru.
   273 | D:4      | Reached skill level 4 in Axes
   273 | D:4      | Reached XP level 3. HP: 28/32 MP: 3/3
   328 | D:4      | Found an ancient bone altar of Kikubaaqudgha.
   341 | D:4      | Reached XP level 4. HP: 33/39 MP: 4/4
   344 | D:4      | Killed from afar by an orc priest

Skill      XL: |  1  2 |
---------------+-------+-----
Armour         | 1 |  1.9
Fighting       | 2 |  2.2
Axes           | 4 |  4.3
Throwing       | |  1.7
Dodging        | |  3.7

Action                   |  1- 3 |  4- 6 || total
-------------------------+-------+-------++-------
Melee: War axe           |    41 |     3 ||    44
Evoke: Wand              |     1 |       ||     1
Armor: Leather armour    |     6 |     2 ||     8
Dodge: Dodged            |    36 |     5 ||    41
